 Zot Defence DCSS version 0.15.2 (webtiles) character file.

3931 rob the Carver (level 10, -10/84 HPs)
             Began as a Purple Draconian Earth Elementalist on Mar 24, 2018.
             Mangled by an electric golem (14 damage)
             ... summoned by a boggart
             ... in the Realm of Zot (Scenario I: Hall of Zot).
             The game lasted 00:11:41 (2803 turns).

rob the Carver (DrEE)                               Turns: 2803, Time: 00:11:41

HP -10/84        AC  7     Str 11      XL: 10   Next:  1%
MP  25/25        EV 13     Int 19      God:
Gold 0           SH  0     Dex 11      Spells:  2 memorised, 18 levels left

rFire  . . .     SeeInvis .     k - +1 long sword (curse)
rCold  . . .     Clarity  .     (armour unavailable)
rNeg   . . .     rCorr    .     (no shield)
rPois  .         rRot     .     (helmet restricted)
rElec  .         Spirit   .     (no cloak)
SustAb .         Warding  .     (no gloves)
rMut   .         Stasis   .     (no boots)
Gourm  .                        (no amulet)
MR     +....                    (no ring)
                                (no ring)

@: somewhat resistant to hostile enchantments, unstealthy
A: breathe power, unfitting armour, cold-blooded, AC +7
a: Make oklob sapling, Make arrow trap, Make plant, Remove Curse, Make burning
bush, Make altar, Make grenades, Make oklob plant, Make net trap, Make ice
statue, Make spear trap, Breathe Dispelling Energy


You were in the Realm of Zot.
You were not hungry.

You visited 1 branch

Inventory:

Hand weapons
 c - a +1 dagger of venom
 k - a cursed +1 long sword (weapon)
 m - a +0 club
Missiles
 b - 28 stones (quivered)
Armour
 l - a +0 robe
Comestibles
 f - a bread ration
Scrolls
 j - a scroll of blinking
Potions
 a - 3 potions of curing
 e - a potion of heal wounds
 g - a potion of haste
 h - 2 potions of magic
 i - a potion of berserk rage
Books
 d - a book of Geomancy

   Spells                             Type                      Level
   *Sandblast                         Earth                        1
   Stoneskin                          Transmutation/Earth          2
   Passwall                           Transmutation/Earth          3
   Stone Arrow                        Conjuration/Earth            3
   Petrify                            Transmutation/Earth          4
   *Lee's Rapid Deconstruction        Earth                        5


   Skills:
 + Level 6.6 Fighting
 + Level 0.8(5.0) Short Blades
 + Level 8.0 Long Blades
 + Level 3.6 Dodging
 - Level 1.7 Stealth
 + Level 0.8 Unarmed Combat
 + Level 7.8 Spellcasting
   Level 1.0 Transmutations
 + Level 7.2 Earth Magic


You had 18 spell levels left.
You knew the following spells:

 Your Spells              Type           Power        Failure   Level  Hunger
a - Sandblast             Erth           #####.       1%          1    None
b - Lee's Rapid Deconstr  Erth           #####.....   14%         5    #####..


Dungeon Overview and Level Annotations

Branches:
    Zot (1/1)

Altars:


Innate Abilities, Weirdness & Mutations

You can breathe bolts of energy.
You can dispel enchantments when you breathe energy.
Your rich purple scales are hard (AC +7).
Your body does not fit into most forms of armour.
Your cold-blooded metabolism reacts poorly to cold.


Message History

Your Zot abilities now extend through the making of spear traps.
You feel a sense of great excitement!
A boggart comes into view.
A boggart comes into view.
You barely miss the scorpion.
The boggart mumbles some strange words.
You hit the scorpion.
The scorpion is lightly wounded.
The electric golem hits you but does no damage.
The electric golem hits you. The electric golem shocks you!!
The electric golem closely misses you. The electric golem hits you!
You hit the scorpion but do no damage.
The scorpion is lightly wounded.
The electric golem hits you. The electric golem shocks you!!
The electric golem hits you!
* * * LOW HITPOINT WARNING * * *
The electric golem shocks you!
* * * LOW HITPOINT WARNING * * *
The electric golem hits you!
You die...

#................## ##..........
..................## #..........
...................# ##.........
...................# #.........
...................# ##.........
...................# #.O........
..................≈# ##......)...
..................)###.c....))...
...............8@s###...#########
#...............g##O...##
##...............g..)###
▓▓.....##############
▓▓...............####
▓...................###
......................##
.......................# ▓▓▓▓▓▓▓▓
.......................▓▓▓.......


You could see an electric golem, 2 boggarts and a scorpion.

Vanquished Creatures
  Erolcha (Zot)
  A hill giant (Zot)
  A slime creature (Zot)
  2 two-headed ogres (Zot)
  A centaur (Zot)
  A wight (Zot)
  A scorpion (Zot)
  An orc wizard (Zot)
  An adder (Zot)
  4 worms (Zot)
  A giant gecko (Zot)
  4 oozes (Zot)
  3 orcs (Zot)
  A giant cockroach (Zot)
  9 goblins (Zot)
  2 hobgoblins (Zot)
  3 jackals (Zot)
  6 kobolds (Zot)
  3 ball pythons (Zot)
  3 bats (Zot)
  3 giant newts (Zot)
  4 rats (Zot)
  A rat skeleton (Zot)
57 creatures vanquished.

Notes
Turn   | Place    | Note
--------------------------------------------------------------
     0 | Zot      | rob, the Draconian Earth Elementalist, began the quest for the Orb.
     0 | Zot      | Reached XP level 1. HP: 14/14 MP: 3/3
   207 | Zot      | Noticed Criw
   211 | Zot      | Reached XP level 2. HP: 20/20 MP: 1/4
   291 | Zot      | Killed Criw the wight
   291 | Zot      | Reached skill level 1 in Fighting
   291 | Zot      | Reached skill level 4 in Earth Magic
   291 | Zot      | Reached XP level 3. HP: 24/28 MP: 3/6
   291 | Zot      | Reached XP level 4. HP: 30/35 MP: 4/8
   315 | Zot      | Reached XP level 5. HP: 37/40 MP: 8/10
   402 | Zot      | Noticed Woekuocue
   436 | Zot      | Killed Woekuocue the slime creature
   436 | Zot      | Reached skill level 5 in Earth Magic
   436 | Zot      | Reached XP level 6. HP: 45/50 MP: 3/15
   436 | Zot      | Your scales start taking on a rich purple colour.
   436 | Zot      | Reached skill level 5 in Spellcasting
   436 | Zot      | Reached XP level 7. HP: 50/56 MP: 3/19
   471 | Zot      | Learned a level 5 spell: Lee's Rapid Deconstruction
   520 | Zot      | Noticed Seostrafa
   549 | Zot      | Killed Seostrafa the two-headed ogre
   549 | Zot      | Reached skill level 6 in Earth Magic
   549 | Zot      | Reached XP level 8. HP: 62/66 MP: 13/21
  2688 | Zot      | Noticed a two-headed ogre
  2726 | Zot      | Reached skill level 5 in Long Blades
  2727 | Zot      | Killed a two-headed ogre
  2731 | Zot      | Noticed Erolcha
  2773 | Zot      | Killed Erolcha
  2773 | Zot      | Reached skill level 5 in Fighting
  2773 | Zot      | Reached skill level 7 in Long Blades
  2773 | Zot      | Reached XP level 9. HP: 71/75 MP: 22/24
  2779 | Zot      | Noticed a hill giant
  2799 | Zot      | Killed a hill giant
  2799 | Zot      | Reached skill level 8 in Long Blades
  2799 | Zot      | Reached XP level 10. HP: 80/84 MP: 24/25
  2802 | Zot      | Noticed an electric golem
  2803 | Zot      | HP: 4/84 [electric golem[a boggart] (17)]
  2803 | Zot      | Mangled by an electric golem

Action                   |  1- 3 |  4- 6 |  7- 9 | 10-12 || total
-------------------------+-------+-------+-------+-------++-------
Melee: Unarmed           |    28 |       |       |       ||    28
       Dagger            |    47 |       |       |       ||    47
       Long sword        |       |    77 |   157 |     3 ||   237
 Cast: Sandblast         |     7 |    11 |       |       ||    18
       Lee's Rapid Decon |       |       |     3 |       ||     3
